 Dungeon Crawl Stone Soup version 0.30-a0-972-gf3ab3527aa (webtiles) character file.

Game seed: 12950797704853089940

3402 vishdafish the Zephyrmancer (level 9, -12/57 HPs)
             Began as a Demonspawn Air Elementalist on Mar 31, 2023.
             Was a Follower of Vehumet.
             Mangled by a cyan ugly thing (17 damage)
             ... on level 7 of the Dungeon.
             The game lasted 00:12:49 (8570 turns).

vishdafish the Zephyrmancer (DsAE)                  Turns: 8570, Time: 00:12:49

Health: -12/57     AC:  6    Str:  9    XL:     9   Next: 75%
Magic:  1/14       EV: 12    Int: 21    God:    Vehumet [*.....]
Gold:   250        SH:  0    Dex: 13    Spells: 10/15 levels left

rFire   . . .      SeeInvis .    A - +2 arbalest (heavy)
rCold   . . .      Faith    .    (shield currently unavailable)
rNeg    . . .      Spirit   .    a - +0 robe
rPois   .          Reflect  .    m - +0 helmet
rElec   .          Rampage  .    (no cloak)
rCorr   .                        f - +0 pair of gloves
Will    .....                    (no boots)
Stlth   ++                       (no amulet)
HPRegen 0.29/turn                (no ring)
MPRegen 0.14/turn                (no ring)

@: weak-willed
A: powered by death 1, sharp scales 2, demonic magic 2, weakness stinger 1
a: Renounce Religion


You were on level 7 of the Dungeon.
You worshipped Vehumet.
Vehumet was aware of your devotion.
You visited 2 branches of the dungeon, and saw 8 of its levels.

You collected 407 gold pieces.
You spent 157 gold pieces at shops.

Inventory:

Hand Weapons
 e - a +2 heavy hand axe
 j - a +1 short sword of venom
 A - a +2 heavy arbalest (weapon)
Missiles
 F - 2 throwing nets
Armour
 a - a +0 robe (worn)
 f - a +0 pair of gloves (worn)
 m - a +0 helmet (worn)
 N - +0 steam dragon scales
Wands
 q - a wand of flame (30)
 z - a wand of charming (9)
 C - a wand of roots (7)
 J - a wand of acid (4)
 K - a wand of polymorph (8)
Scrolls
 c - a scroll of vulnerability
 h - a scroll of brand weapon {unknown}
 i - 7 scrolls of identify {unknown}
 k - 2 scrolls of teleportation {unknown}
 n - 2 scrolls of fog {unknown}
 v - a scroll of noise {unknown}
 x - a scroll of poison {unknown}
 y - 2 scrolls of amnesia {unknown}
 B - a scroll of immolation {unknown}
 E - a scroll of enchant weapon {unknown}
 G - a scroll of fear {unknown}
 H - a scroll of summoning {unknown}
 I - a scroll of silence {unknown}
 L - a scroll of blinking {unknown}
Potions
 b - 4 potions of magic
 d - 2 potions of heal wounds {unknown}
 g - 6 potions of curing
 l - a potion of resistance {unknown}
 o - a potion of ambrosia {unknown}
 p - a potion of cancellation {unknown}
 r - 2 potions of invisibility {unknown}
 s - a potion of flight {unknown}
 t - 3 potions of might {unknown}
 u - 2 potions of degeneration {unknown}
 w - a potion of lignification {unknown}
 D - 4 potions of brilliance {unknown}
 M - a potion of attraction {unknown}


   Skills:
 + Level 6.4 Ranged Weapons
 - Level 1.7 Dodging
 - Level 1.7 Stealth
 - Level 3.7 Spellcasting
 - Level 2.2 Conjurations
 * Level 10.6 Air Magic


You had 10 spell levels left.
You knew the following spells:

 Your Spells              Type           Power      Damage    Failure   Level
a - Shock                 Conj/Air       100%       1d9       1%          1
b - Airstrike             Air            24%        2d(4-20)  1%          4

Your spell library contained the following spells:

 Spells                   Type           Power      Damage    Failure   Level
 Freeze                   Ice            12%        1d3       12%         1
 Static Discharge         Conj/Air       62%        2-5/arc   1%          2
 Swiftness                Air            48%        N/A       1%          3
 Ozocubu's Armour         Ice            3%         N/A       36%         3
 Ozocubu's Refrigeration  Ice            1%         4d7       100%        7


Dungeon Overview and Level Annotations

Branches:
Dungeon (7/15)             Temple (1/1) D:6

Altars:
Ashenzari
Cheibriados
Dithmenos
Fedhas
Gozag
Hepliaklqana
Kikubaaqudgha
Makhleb
Nemelex Xobeh
Okawaru
Qazlal
Ru
Sif Muna
Trog
Uskayaw
Vehumet
Wu Jian
Yredelemnul

Shops:
D:4 (


Innate Abilities, Weirdness & Mutations

You regenerate a little health from kills.
You are mostly covered in razor-sharp scales. (AC +2, Slay +2)
Spells you cast may paralyse nearby enemies.
You have a small tail.


Message History

* * * LOW HITPOINT WARNING * * *
The vampire mosquito draws strength from your injuries!
The boulder beetle leaps!
Unknown command.
Okay, then.
Okay, then.
Aiming: Shock (safe; 1% risk of failure)
Press: ? - help, Q - select action, (/) - cycle Shift-Dir - straight line, f/p - yak
Aim: a yak (heavily wounded, paralysed, weak-willed, 100% to hit)
The zap hits the yak.
The yak is heavily wounded.
Malevolent energies surge around you.
The vampire mosquito suddenly stops moving!
The yak is no longer paralysed.
The yak barely misses you.
Aiming: Shock (safe; 1% risk of failure)
Press: ? - help, Q - select action, (/) - cycle Shift-Dir - straight line, f/p - yak
Aim: a yak (heavily wounded, weak-willed, 84% to hit)
The zap hits the yak.
The yak is heavily wounded.
Malevolent energies surge around you.
The yak suddenly stops moving!
The cyan ugly thing suddenly stops moving!
The vampire mosquito is no longer paralysed.
The cyan ugly thing is no longer paralysed.
Aiming: Corrosive Bolt
Press: ? - help, Shift-Dir - straight line, f - cyan ugly thing, p - yak
Aim: a cyan ugly thing (weak-willed, 71% to hit)
The bolt of acid hits the yak!
The acid corrodes the yak!
The yak is almost dead.
The bolt of acid misses the cyan ugly thing.
The yak is no longer paralysed.
The yak gores you.
* * * LOW HITPOINT WARNING * * *
Aiming: Shock (safe; 1% risk of failure)
Press: ? - help, Q - select action, (/) - cycle Shift-Dir - straight line, f/p - cyan ugly thing
Aim: a cyan ugly thing (weak-willed, 74% to hit)
The zap misses the cyan ugly thing.
Malevolent energies surge around you.
The vampire mosquito suddenly stops moving!
The cyan ugly thing pecks you.
* * * LOW HITPOINT WARNING * * *
The cyan ugly thing shocks you!
You die...

. . #####..##....# ..
#..####.##.... .## #.
#..###.##... B.# .#####.##.##.#.
#.###.##†.#.#.###..#
#.#.##.##(##.##.).#
#y.##)#.#..##.#...
#Yu#)##.#####.#...
#@.#)###..##.##... # #
#..##)####..##..## #.#.
##)####..#####...## ###.##.
##.###..)..###......
##.#..##.#####.###.....##........
#......##..#..###.)#.#).##.......
##......###.####..##.##).##......
#.............#..#.....#..#......
#..#..........#.##.....##.#......


You could see a cyan ugly thing (weak-willed), a yak (weak-willed, corroded) and
a vampire mosquito (paralysed, weak-willed).

Vanquished Creatures
  A gargoyle (D:7)
  3 steam dragons (D:7)
  2 water moccasins
  2 black bears (D:7)
  An orc warrior (D:7)
  4 sky beasts (D:7)
  2 ice beasts
  2 ogres
  3 centaurs
  A phantom (D:6)
  A kobold brigand (D:7)
  2 bullfrogs
  2 scorpions
  A gnoll sergeant (D:7)
  A howler monkey (D:7)
  6 orc priests
  7 hounds
  A sleepcap (D:7)
  2 iguanas
  2 orc wizards
  10 adders
  6 gnolls
  An ufetubus (D:5)
  4 dart slugs
  19 orcs
  7 ball pythons
  8 endoplasms
  3 giant cockroaches
  9 goblins
  4 hobgoblins
  6 jackals
  5 quokkas
  9 bats
  4 frilled lizards
  15 kobolds
  7 rats
163 creatures vanquished.

Vanquished Creatures (others)
  A hound (D:5)
  A plant (D:3)
2 creatures vanquished.

Grand Total: 165 creatures vanquished

Notes
Turn   | Place    | Note
-------+----------+-------------------------------------------
     0 | D:1      | vishdafish the Demonspawn Air Elementalist began the quest
                  | for the Orb.
     0 | D:1      | Reached XP level 1. HP: 13/13 MP: 3/3
   232 | D:1      | Gained mutation: You regenerate a little health from kills.
                  | [demonic ancestry]
   232 | D:1      | Reached XP level 2. HP: 15/19 MP: 5/5
   502 | D:1      | Reached skill level 3 in Air Magic
  1302 | D:2      | Reached XP level 3. HP: 22/24 MP: 6/6
  1881 | D:2      | Gained mutation: Spells you cast may paralyse adjacent
                  | enemies. [demonic ancestry]
  1881 | D:2      | Reached XP level 4. HP: 30/30 MP: 5/8
  2769 | D:3      | Learned a level 4 spell: Airstrike
  2924 | D:3      | Reached skill level 4 in Air Magic
  3045 | D:3      | Gained mutation: You are partially covered in razor-sharp
                  | scales. (AC +1, Slay +1) [demonic ancestry]
  3045 | D:3      | Reached XP level 5. HP: 35/35 MP: 7/9
  3372 | D:3      | Found a faded altar of an unknown god.
  4041 | D:4      | Found Waudenoor's Antique Weapon Shop.
  4050 | D:4      | Bought a runed arbalest for 157 gold pieces
  4117 | D:4      | Gained mutation: You are mostly covered in razor-sharp
                  | scales. (AC +2, Slay +2) [demonic ancestry]
  4117 | D:4      | Reached XP level 6. HP: 34/41 MP: 3/11
  4354 | D:4      | Reached skill level 5 in Air Magic
  4828 | D:5      | Entered Level 5 of the Dungeon
  4958 | D:5      | Reached skill level 1 in Ranged Weapons
  5259 | D:5      | Noticed an ice beast
  5261 | D:5      | Killed an ice beast
  5262 | D:5      | Gained mutation: Spells you cast may paralyse nearby
                  | enemies. [demonic ancestry]
  5262 | D:5      | Reached XP level 7. HP: 46/46 MP: 12/12
  5270 | D:5      | Reached skill level 6 in Air Magic
  5970 | D:6      | Found a burning altar of Makhleb.
  5972 | D:6      | Found a shadowy altar of Dithmenos.
  5972 | D:6      | Found an opulent altar of Gozag.
  5972 | D:6      | Found a basalt altar of Yredelemnul.
  5973 | D:6      | Found a stormy altar of Qazlal.
  5976 | D:6      | Found a sparkling altar of Nemelex Xobeh.
  5976 | D:6      | Found a snail-covered altar of Cheibriados.
  6009 | D:6      | Found a staircase to the Ecumenical Temple.
  6061 | Temple   | Entered the Ecumenical Temple
  6083 | Temple   | Became a worshipper of Vehumet
  6175 | D:6      | Reached skill level 7 in Air Magic
  6366 | D:6      | Reached XP level 8. HP: 41/52 MP: 4/13
  7252 | D:7      | Reached skill level 8 in Air Magic
  7530 | D:7      | Reached skill level 5 in Ranged Weapons
  7530 | D:7      | Reached skill level 9 in Air Magic
  7611 | D:7      | Gained mutation: You have a small tail. [demonic ancestry]
  7611 | D:7      | Reached XP level 9. HP: 9/57 MP: 5/14
  7794 | D:7      | Reached * piety under Vehumet
  7794 | D:7      | Offered knowledge of Freeze by Vehumet.
  8249 | D:7      | Reached skill level 10 in Air Magic
  8542 | D:7      | Noticed a gargoyle
  8553 | D:7      | Killed a gargoyle
  8562 | D:7      | Noticed a boulder beetle
  8562 | D:7      | Noticed a cyan ugly thing
  8570 | D:7      | Mangled by a cyan ugly thing

Illustrated notes

Levels and vault maps discovered:
D:1:      nicolae_arrival_washed_ashore, layout_basic
D:2:      layout_basic, hangedman_decor_points
D:3:      minmay_general_purpose_star, layout_basic,
          dreamdust_ecumenical_altar_grove
D:4:      layout_loops_ring, minmay_shop_grid_forest
D:5:      layout_loops_corners, lemuel_flame_loot_1
D:6:      layout_loops_cross, nicolae_overflows_in_rows,
          minmay_temple_entry_mist, minmay_misc_feat_rows, water_maze_lemuel
D:7:      minmay_the_grid_octo_triangle [minmay_the_grid_octo_fan_narrow,
          minmay_the_grid_octo_prize_big_c, minmay_the_grid_octo_horde],
          layout_cave_pools
Temple:   hellmonk_temple_two_chambers

Skill      XL: |  1  2  3  4  5  6  7  8  9 |
---------------+----------------------------+-----
Air Magic      | 3 4 5 7 9 10 | 10.6
Conjurations   | 2 |  2.2
Spellcasting   | 3 |  3.7
Ranged Weapons | 1 3 5 6 |  6.4
Dodging        | |  1.7
Stealth        | |  1.7

Action                     |  1- 3 |  4- 6 |  7- 9 || total
---------------------------+-------+-------+-------++-------
  Melee: Hand axe          |    13 |       |       ||    13
         Short sword       |    31 |     4 |       ||    35
   Fire: Arbalest          |       |    39 |    56 ||    95
   Cast: Shock             |    62 |   105 |   108 ||   275
         Airstrike         |       |       |    31 ||    31
  Evoke: Wand              |       |     4 |     7 ||    11
    Use: Scroll            |       |       |     1 ||     1
   Stab: Sleeping          |     1 |       |       ||     1
 Armour: Robe              |    23 |    16 |    26 ||    65
  Dodge: Dodged            |    45 |    30 |    72 ||   147

Table legend: (Time is in decaauts)
 A = Elapsed time spent in this place.
 B = Non-inter-level travel time spent in this place.
 C = Inter-level travel time spent in this place.
 D = Time resting spent in this place.
 E = Time spent auto-exploring this place.
 F = Levels seen in this place.
 G = Mean time per level.
                   A        B        C        D        E       F      G
               +--------+--------+--------+--------+--------+-----+--------+
         Total |   8739 |   8474 |    265 |      0 |   7495 |   8 | 1092.4 |
       Dungeon |   8712 |   8455 |    257 |      0 |   7483 |   7 | 1244.6 |
        Temple |     26 |     19 |      7 |      0 |     12 |   1 |   26.0 |
               +--------+--------+--------+--------+--------+-----+--------+

Top non-repeatable levels by time:
     D:7: 1464 daAuts
     D:1: 1287 daAuts
     D:2: 1281 daAuts
     D:6: 1277 daAuts
     D:3: 1216 daAuts
     D:5: 1098 daAuts
     D:4: 1085 daAuts
  Temple: 26 daAuts
